AoeStats
← Kajook

Nomad

508088620Analyzed
4v4 RM · 12d ago on Sep 20, 2026· 53m 56s· 8 players
Game mode
Random Map
Map size
231×231
Population
200
Speed
Normal
Resources
Standard
Victory
Conquest
Starting age
Dark Age
Ending age
Imperial Age
RankedLock teamsTeams togetherTeam positionsShared explorationLock speedFull tech treeHidden civsTurbo modeCheats
Victory
Defeat
🇦🇷 Spanish · Argentina
1340
+16
🇪🇸 Berbers · Spain
1334
+16
🇧🇷 Magyars · Brazil
1329
+17
🇨🇱 Italians · Chile
1315
+17
🇪🇸 Portuguese · Spain
1395
-19
🇩🇪 Vietnamese · Germany
1352
-17
🇺🇸 Georgians · United States
1336
-16
🇩🇪 Mongols · Germany
1285
-14
Karzul
10:53 Loom
13:19 Feudal Age
17:22 Castle Age
16:04 Fishing Lines
20:25 Scale Barding Armor
24:29 Town Watch
25:20 Wheelbarrow
30:29 Chain Barding Armor
36:04 Imperial Age
33:31 Gillnets
34:25 Double-Bit Axe
34:31 Fletching
34:22 Horse Collar
36:16 Bow Saw
36:07 Heavy Plow
36:36 Capped Ram
38:07 Elite Magyar Huszar
40:15 Plate Barding Armor
43:07 Corvinian Army
44:48 Conscription
45:34 Hand Cart
46:09 Crop Rotation
47:28 Bodkin Arrow
47:55 Ballistics
47:45 Masonry
48:19 Light Cavalry
49:10 Bloodlines
49:01 Husbandry
49:48 Light Cavalry
51:00 Hussar
51:52 Treadmill Crane
52:48 Heated Shot
53:00 Bracer
53:04 Recurve Bow
55:16 Two-Man Saw
|GaoeG| Tifus
3:19 Loom
13:39 Feudal Age
14:24 Feudal Age
18:29 Castle Age
16:31 Double-Bit Axe
18:07 Scale Barding Armor
18:12 Forging
17:57 Horse Collar
18:45 Bloodlines
19:13 Husbandry
18:34 Light Cavalry
29:12 Wheelbarrow
31:32 Hand Cart
31:02 Town Watch
35:26 Bow Saw
35:19 Heavy Plow
36:34 Gold Mining
41:37 Imperial Age
39:58 Chain Barding Armor
40:13 Iron Casting
41:46 Hussar
43:34 Plate Barding Armor
43:44 Cavalier
47:13 Blast Furnace
50:07 Gold Shaft Mining
49:53 Demolition Ship
[CL]Jigsaw
3:19 Loom
13:04 Feudal Age
14:15 Town Watch
19:33 Castle Age
17:46 Double-Bit Axe
21:59 Fletching
22:10 Padded Archer Armor
23:09 Bodkin Arrow
26:42 Ballistics
27:16 Leather Archer Armor
33:03 Imperial Age
30:39 Horse Collar
32:30 Bow Saw
33:37 Wheelbarrow
35:44 Hoardings
35:44 Capped Ram
39:59 Bracer
40:30 Ring Archer Armor
39:24 Elite Genoese Crossbowman
41:47 Heavy Plow
42:57 Chemistry
42:44 Scale Mail Armor
43:54 Two-Man Saw
47:35 Gold Mining
47:36 Stone Mining
48:04 Hand Cart
47:50 Town Patrol
Agux
3:25 Loom
14:00 Feudal Age
18:48 Castle Age
18:07 Stone Mining
19:32 Wheelbarrow
19:45 Fletching
19:56 Padded Archer Armor
23:05 Horse Collar
30:05 Double-Bit Axe
31:06 Bow Saw
31:13 Heavy Plow
31:54 Town Watch
32:33 Bodkin Arrow
32:53 Leather Archer Armor
38:27 Imperial Age
38:19 Ballistics
45:50 Bracer
47:41 Two-Man Saw
46:18 Elite Skirmisher
47:51 Conscription
48:47 Chemistry
48:35 Murder Holes
[MF]
5:06 Loom
15:37 Feudal Age
17:20 Gold Mining
19:36 Castle Age
18:04 Town Watch
19:52 Double-Bit Axe
23:45 Sanctity
26:14 Fletching
32:42 Fervor
33:18 Redemption
34:56 Wheelbarrow
46:05 Horse Collar
47:18 Fervor
50:47 Imperial Age
48:32 Bow Saw
53:35 Chemistry
52:42 Siege Engineers
the_kiri
4:54 Loom
7:19 Loom
13:03 Feudal Age
14:37 Town Watch
18:12 Castle Age
16:07 Double-Bit Axe
17:11 Fishing Lines
21:08 Wheelbarrow
21:03 Bow Saw
31:31 Fletching
38:07 Horse Collar
44:30 Hand Cart
45:47 Bodkin Arrow
52:12 Imperial Age
Kajook
4:53 Loom
5:52 Loom
12:33 Feudal Age
17:05 Castle Age
15:09 Double-Bit Axe
18:14 Bow Saw
17:51 Horse Collar
19:19 Heavy Plow
23:16 Wheelbarrow
23:31 Gold Mining
25:19 Fletching
26:33 Bodkin Arrow
26:41 Padded Archer Armor
29:35 Leather Archer Armor
31:15 Bloodlines
31:05 Husbandry
33:08 Ballistics
35:57 Imperial Age
34:29 Thumb Ring
37:14 Bracer
36:45 Elite Mangudai
37:48 Conscription
38:36 Chemistry
38:04 Parthian Tactics
37:11 Capped Ram
40:10 Drill
41:45 Scale Barding Armor
41:50 Forging
41:01 Light Cavalry
41:15 Siege Ram
42:22 Hussar
45:35 Chain Barding Armor
45:50 Iron Casting
Dragón-Malo
6:56 Loom
15:26 Feudal Age
19:59 Castle Age
18:27 Double-Bit Axe
20:15 Wheelbarrow
19:22 Horse Collar
21:45 Bow Saw
22:04 Fletching
25:19 Bodkin Arrow
25:35 Svan Towers
26:33 Stone Mining
28:10 Horse Collar
28:16 Town Watch
28:48 Hand Cart
29:37 Guard Tower
30:03 Murder Holes
30:43 Fishing Lines
32:02 Ballistics
31:54 Masonry
32:09 Gold Mining
32:55 Stone Shaft Mining
34:41 Treadmill Crane
45:57 Heavy Plow
49:48 Scale Barding Armor
50:18 Forging
53:41 Bloodlines
Connection lost

Rejoining the realm…

Still unreachable

The connection could not be restored.

Session expired

The server has moved on; the page needs a fresh start.